 Dungeon Crawl Stone Soup version bcrawl-1.27.6 (webtiles) character file.

Game seed: 4617604542990862079

170295 Banto the Covered (level 6, -6/51 HPs)
             Began as a Demigod Wanderer on Sept 24, 2020.
             Mangled by Menkaure (20 damage)
             ... on level 4 of the Dungeon.
             The game lasted 00:03:37 (3038 turns).

Banto the Covered (Demigod Wanderer)                Turns: 3038, Time: 00:03:37

Health: -6/51      AC: 10    Str: 18    XL:     6   Next: 11%
Magic:  9/9        EV:  9    Int: 16    God:    Demigod [**....]
Gold:   187        SH:  0    Dex: 18    Spells: 5/5 levels left

rFire    . . .     SeeInvis .   b - +0 hand axe
rCold    . . .     Gourm    .   (no shield)
rNeg     . . .     Faith    .   i - +2 scale mail
rPois    .         Spirit   .   (no helmet)
rElec    .         Reflect  .   h - +0 cloak
rCorr    .         Harm     .   (no gloves)
MR       .....                  (no boots)
Stlth    ..........             (no amulet)
HPRegen  0.17/turn              (no ring)
MPRegen  0.11/turn              (no ring)

@: no status effects
A: high mp 1
a: Temporal Distortion, Growth


You were on level 4 of the Dungeon.
You worshipped Demigod.
Demigod was pleased with you.
You were not hungry.

You visited 1 branch of the dungeon, and saw 4 of its levels.

You collected 187 gold pieces.

Inventory:

Hand Weapons
 a - a +0 hand crossbow
 b - a +0 hand axe (weapon)
Missiles
 c - 200 bolts
 t - 74 poisoned tomahawks (quivered)
Armour
 h - a +0 cloak (worn)
 i - a +2 scale mail (worn)
Scrolls
 g - a scroll of enchant weapon {unknown}
 k - 2 scrolls of remove curse
 l - 2 scrolls of immolation {unknown}
 m - 3 scrolls of teleportation {unknown}
 n - a scroll of noise {unknown}
 p - a scroll of fog {unknown}
 s - a scroll of fear {unknown}
 u - a scroll of identify
Potions
 d - 2 potions of flight
 e - a potion of heal wounds
 j - 3 potions of agility
 o - a potion of resistance {unknown}
 r - a potion of mutation {unknown}
Comestibles
 f - 6 rations {!d}


   Skills:
 + Level 3.5 Fighting
 + Level 3.6 Crossbows
 - Level 1.2 Throwing
 + Level 4.9 Armour
   Level 1.0 Evocations


You had 5 spell levels left.
You didn't know any spells.
Your spell library was empty.

Dungeon Overview and Level Annotations

Branches:
Dungeon (4/12)
 Temple: D:4-7

Annotations:
D:4 Menkaure


Innate Abilities, Weirdness & Mutations

You have an increased reservoir of magic. (+10% MP)


Message History

Menkaure is moderately damaged.
Menkaure mumbles some strange words.
Menkaure seems to speed up.
You hit Menkaure.
Menkaure is moderately damaged.
Menkaure hits you!! Menkaure hits you.
* * * LOW HITPOINT WARNING * * *
You are too injured to fight recklessly!
You hit Menkaure but do no damage.
Menkaure is moderately damaged.
Menkaure hits you!
* * * LOW HITPOINT WARNING * * *
You feel much better. Menkaure hits you.
* * * LOW HITPOINT WARNING * * *
Menkaure hits you but does no damage.
You hit Menkaure.
Menkaure is heavily damaged.
Menkaure hits you!!
You die...
Your divinity fades.

#########
#.@<....#
#M#####.#
#.....#
#..##.#
#..# ..
#..# ##
#.(# #..#
#...


You could see Menkaure.

Vanquished Creatures
  A sky beast (D:3)
  Crazy Yiuf (D:2)
  Terence (D:2)
  An orc wizard (D:3)
  3 adders
  An ooze (D:2)
  5 worms (D:2)
  3 dart slugs
  5 leopard geckos
  11 orcs
  A giant cockroach (D:1)
  7 goblins
  7 hobgoblins
  6 jackals
  2 quokkas
  5 bats
  A frilled lizard (D:1)
  8 kobolds
  2 rats (D:1)
71 creatures vanquished.

Notes
Turn   | Place    | Note
-------+----------+-------------------------------------------
     0 | D:1      | Banto the Demigod Wanderer began the quest for the Orb.
     0 | D:1      | Banto set off with the following items: a +0 hand crossbow,
                  | a +2 scale mail, 122 bolts, a potion of flight, a ration
                  | {!d}
     0 | D:1      | Reached XP level 1. HP: 17/17 MP: 3/3
   360 | D:1      | Reached XP level 2. HP: 18/24 MP: 5/5
   951 | D:2      | Found a snail-covered altar of Cheibriados.
   951 | D:2      | Found a shadowy altar of Dithmenos.
   961 | D:2      | Found a sacrificial altar of Ru.
   961 | D:2      | Found a shattered altar of Ashenzari.
   968 | D:2      | Reached XP level 3. HP: 28/29 MP: 6/6
  1005 | D:2      | Reached skill level 4 in Armour
  1109 | D:2      | Found an opulent altar of Gozag.
  1116 | D:2      | Noticed Terence
  1127 | D:2      | Killed Terence
  1127 | D:2      | Reached XP level 4. HP: 25/37 MP: 7/7
  1202 | D:2      | Reached * piety under Demigod
  1464 | D:2      | Found a burning altar of Makhleb.
  1631 | D:2      | Found a corrupted altar of Lugonu.
  1852 | D:2      | Found a runed door.
  1974 | D:2      | Noticed Crazy Yiuf
  1978 | D:2      | Killed Crazy Yiuf
  2161 | D:3      | Reached XP level 5. HP: 39/45 MP: 8/8
  2472 | D:3      | Noticed a sky beast
  2518 | D:3      | Killed a sky beast
  2626 | D:3      | Reached XP level 6. HP: 46/51 MP: 9/9
  2726 | D:3      | Reached ** piety under Demigod
  3031 | D:4      | Noticed Menkaure
  3038 | D:4      | Mangled by Menkaure

Skill      XL: |  1  2  3  4 |
---------------+-------------+-----
Fighting       | 2 3 |  3.5
Crossbows      | 2 3 |  3.6
Armour         | 4 |  4.9
Throwing       | |  1.2
Evocations     | |  1.0

Action                   |  1- 3 |  4- 6 || total
-------------------------+-------+-------++-------
Melee: Hand axe          |    74 |   157 ||   231
       Whip              |       |     1 ||     1
 Fire: Hand crossbow     |    38 |    30 ||    68
  Use: Scroll            |       |     3 ||     3
       Potion            |       |     1 ||     1
  Eat: Chunk             |     4 |    13 ||    17
Armor: Scale mail        |    48 |   102 ||   150
Dodge: Dodged            |    58 |    92 ||   150
